 Dungeon Crawl Stone Soup version 0.30.1-3-gfc49f6343a (webtiles) character file.

Game seed: 8476263145737849674

266 Heoruswealwe the Trooper (level 5, -9/46 HPs)
             Began as a Demigod Fighter on Aug 8, 2023.
             Mangled by a gnoll sergeant
             ... wielding a +0 trident
              (10 damage)
             ... on level 4 of the Dungeon.
             The game lasted 00:26:43 (3221 turns).

Heoruswealwe the Trooper (Demigod Fighter)          Turns: 3221, Time: 00:26:44

Health: -9/46      AC:  9    Str: 25    XL:     5   Next: 67%
Magic:  7/7        EV:  9    Int:  7    God:
Gold:   76         SH:  5    Dex: 12    Spells: 4/4 levels left

rFire   + + .        b - +6 mace of Hacking and Slashing {freeze, rF++ Will+}
rCold   . . .        d - +0 buckler
rNeg    . . .        c - +0 scale mail
rPois   .            (helmet restricted)
rElec   .            h - +1 cloak
rCorr   .            (no gloves)
SInv    +            (no boots)
Will    +....        (no amulet) Stlth
                     k - ring of see invisible
HPRegen 0.27/turn    (no ring)
MPRegen 0.10/turn

%: no passive effects
@: hasted, very quick
A: high MP 1, forlorn, divine attributes, antennae 1, dopey 1, strong 1
a: no special abilities


You were on level 4 of the Dungeon.
You visited 1 branch of the dungeon, and saw 4 of its levels.

You collected 76 gold pieces.

Inventory:

Hand Weapons
 a - a +0 war axe
 b - the +6 mace of Hacking and Slashing (weapon) {freeze, rF++ Will+}
   (You found it on level 2 of the Dungeon)

   rF:        It greatly protects you from fire.
   Will:      It increases your willpower.
 p - a +0 hammer
Armour
 c - a +0 scale mail (worn)
 d - a +0 buckler (worn)
 h - a +1 cloak (worn)
Magical Staves
 l - a staff of conjuration
Jewellery
 k - a ring of see invisible (left hand)
Wands
 n - a wand of flame (8)
 s - a wand of charming (3)
Scrolls
 g - a scroll of blinking {unknown}
 j - 2 scrolls of identify {unknown}
 o - 2 scrolls of teleportation {unknown}
 r - 3 scrolls of summoning {unknown}
Potions
 e - a potion of cancellation {unknown}
 f - a potion of brilliance {unknown}
 i - a potion of haste
 m - a potion of heal wounds {unknown}
 q - a potion of might
 t - a potion of mutation
 u - a potion of degeneration {unknown}


   Skills:
 + Level 3.8 Fighting
 + Level 3.1 Axes
 + Level 3.8 Armour
 + Level 3.8 Shields


You had 4 spell levels left.
You didn't know any spells.
Your spell library contained the following spells:

 Spells                   Type           Power      Damage    Failure   Level
 Inner Flame              Hex/Fire       0%         N/A       98%         3
 Flame Wave               Conj/Fire      0%         2d4       100%        4
 Sticky Flame             Conj/Fire      0%         2d3       100%        4


Dungeon Overview and Level Annotations

Branches:
Dungeon (4/15)
 Temple: D:4-7


Innate Abilities, Weirdness & Mutations

You have an increased reservoir of magic. (+10% MP)
You shall have no god before yourself.
Your divine heritage dramatically boosts your attributes as you level up.
You have a pair of small antennae on your head.
You are dopey. (Int -2)
Your muscles are strong. (Str +4, Int/Dex -1)


Message History

b - the +6 mace of Hacking and Slashing (weapon)
{freeze, rF++ Will+} A nearby plant withers and dies. x2
A gnoll comes into view. It is wielding a +0 halberd of flaming.
The gnoll shouts!
A gnoll sergeant comes into view. It is wielding a +0 trident.
A gnoll comes into view. It is wielding a +0 flail.
The gnoll sergeant shouts!
A nearby plant withers and dies. x2; The gnoll barely misses you.
A gnoll comes into view. It is wielding a +0 whip.
The gnoll shouts!
The gnoll sergeant hits you with a +0 trident!
The gnoll barely misses you.
The gnoll moves out of view.
You sock the gnoll! You freeze the gnoll.
You kill the gnoll!
The gnoll sergeant hits you with a +0 trident.
You sock the gnoll! You freeze the gnoll.
You kill the gnoll!
The gnoll sergeant hits you with a +0 trident.
You hit the gnoll sergeant. You freeze the gnoll sergeant.
The gnoll sergeant is lightly wounded.
The gnoll sergeant barely misses you.
You sock the gnoll sergeant! You freeze the gnoll sergeant.
The gnoll sergeant is heavily wounded.
The gnoll hits you with a +0 whip.
The gnoll sergeant hits you with a +0 trident. x2
The gnoll completely misses you.
You hit the gnoll sergeant. You freeze the gnoll sergeant.
The gnoll sergeant is almost dead.
The gnoll sergeant hits you with a +0 trident.
* * * LOW HITPOINT WARNING * * *
The gnoll hits you but does no damage.
It was a potion of haste.
You feel yourself speed up. You block the gnoll's attack.
The gnoll sergeant hits you with a +0 trident!
* * * LOW HITPOINT WARNING * * *
It was a potion of mutation.
You feel extremely strange.
You feel stupid.
You feel stronger. A pair of antennae grows on your head!
The gnoll hits you but does no damage.
The gnoll sergeant hits you with a +0 trident!
You die...

.# ##.### .###.#...
# # #.#..... .#
.###...... ..#
......⌠..## #..#
#.......+##...# #
#.......#g.#
.#.###...~~..@g#
...............#
#.................
#####..#....#####..
##...#### ##.<#
#..# ######..#
.........#


You could see a gnoll sergeant and a gnoll.

Vanquished Creatures
  Crazy Yiuf (D:3)
  Ijyb (D:3)
  Natasha (thrice) (D:3)
  3 gnolls
  4 adders (D:2)
  2 worms
  2 dart slugs (D:2)
  An orc (D:3)
  2 bats
  9 endoplasms
  2 giant cockroaches (D:1)
  5 goblins
  3 hobgoblins (D:1)
  5 jackals
  7 kobolds
  2 quokkas
  9 ball pythons
  A frilled lizard (D:1)
  4 rats
66 creatures vanquished.

Notes
Turn   | Place    | Note
-------+----------+-------------------------------------------
     0 | D:1      | Heoruswealwe the Demigod Fighter began the quest for the
                  | Orb.
     0 | D:1      | Reached XP level 1. HP: 18/18 MP: 3/3
   367 | D:1      | Reached XP level 2. HP: 25/25 MP: 4/4
   492 | D:1      | Reached XP level 3. HP: 21/31 MP: 5/5
  1194 | D:2      | Reached XP level 4. HP: 34/38 MP: 6/6
  1272 | D:2      | Identified the +6 mace of Hacking and Slashing {freeze,
                  | rF++ Will+}
  1699 | D:3      | Found a runed translucent door.
  1700 | D:3      | Noticed Crazy Yiuf
  1706 | D:3      | Killed Crazy Yiuf
  2318 | D:3      | Noticed Natasha
  2324 | D:3      | Killed Natasha
  2325 | D:3      | Reached XP level 5. HP: 44/45 MP: 7/7
  2341 | D:3      | Noticed Ijyb
  2348 | D:3      | Killed Ijyb
  2772 | D:3      | Noticed Natasha
  2779 | D:3      | Killed Natasha
  3164 | D:3      | Noticed Natasha
  3169 | D:3      | Killed Natasha
  3220 | D:4      | HP: 1/46 [gnoll sergeant/+0 trident (9)]
  3221 | D:4      | Gained mutation: You are dopey. (Int -2) [potion of
                  | mutation]
  3221 | D:4      | Gained mutation: Your muscles are strong. (Str +4, Int/Dex
                  | -1) [potion of mutation]
  3221 | D:4      | Gained mutation: You have a pair of small antennae on your
                  | head. [potion of mutation]
  3221 | D:4      | Mangled by a gnoll sergeant

Illustrated notes

Levels and vault maps discovered:
D:1:      dpeg_arrival_yet_another_circle, layout_basic, minmay_distorted
D:2:      layout_loops_ring
D:3:      layout_loops_corners, hellmonk_ecumenical_altar_dog_temple,
          minivault_11, uniq_ijyb, uniq_crazy_yiuf_cottage, uniq_natasha
D:4:      layout_loops_ring, trog_ov_bears_minmay, tso_oasis_becter,
          serial_shops, shop, nicolae_wooded_promenade, minmay_close_crescents,
          uniq_edmund

Skill      XL: |  1  2  3  4  5 |
---------------+----------------+-----
Axes           | 2 3 |  3.1
Fighting       | 3 |  3.8
Armour         | 3 |  3.8
Shields        | 3 |  3.8

Action                     |  1- 3 |  4- 6 || total
---------------------------+-------+-------++-------
  Melee: War axe           |    91 |    10 ||   101
         Mace              |       |    42 ||    42
    Use: Potion            |       |     2 ||     2
 Armour: Scale mail        |    38 |    14 ||    52
  Dodge: Dodged            |    38 |    18 ||    56
  Block: Buckler           |    26 |     8 ||    34
